[Event "Early-Titled-Tuesday-Blitz-March-12-2024"]
[Site "Chess.com"]
[Date "2024.03.12"]
[Round "8"]
[White "vi_pranav"]
[Black "mitrabhaa"]
[Result "0-1"]
[WhiteElo "3031"]
[BlackElo "2960"]
[TimeControl "180+1"]
[EndTime "9:27:12 PDT"]
[Termination "mitrabhaa won on time"]

1. e4 c6 2. d4 d5 3. e5 Bf5 4. Nf3 e6 5. Be2 Ne7 6. O-O Ng6 7. c3 Nd7 8. Re1 f6 9. exf6 Qxf6 10. Bg5 Qf7 11.
Nbd2 Bd6 12. Nf1 O-O 13. Be3 Nf4 14. Bxf4 Bxf4 15. Bd3 Bg4 16. Be2 Rae8 17. Ng3 Bxf3 18. Bxf3 e5 19. Rf1 e4 20. Be2 g6 21. c4 h5 22.
cxd5 cxd5 23. Bb5 Re7 24. Bxd7 Rxd7 25. Ne2 Bb8 26. Rc1 Qf6 27. Qb3 Kh7 28. Rc5 Qd6 29. g3 b6 30. Rc3 Rdf7 31. Qc2 h4 32. Rc8 Qf6 33. Rxf8 Rxf8 34. Qb3 Qf5 35. Qe3 Kg7 36. Kg2 Qh5 37. Ng1 hxg3 38. fxg3 Rxf1 39. Kxf1 Qxh2 40.
Ne2 Bd6 41. a3 b5 42. Qg5 Qh1+ 43. Kf2 Qf3+ 44. Ke1 e3 0-1

[Event "Early-Titled-Tuesday-Blitz-March-12-2024"]
[Site "Chess.com"]
[Date "2024.03.12"]
[Round "8"]
[White "DonkyDonkyDonkey"]
[Black "LeRoidesChampions"]
[Result "1-0"]
[WhiteElo "2898"]
[BlackElo "2648"]
[TimeControl "180+1"]
[EndTime "9:27:12 PDT"]
[Termination "DonkyDonkyDonkey won by resignation"]

1. e4 c5 2. Nc3 a6 3. a4 Nc6 4. f4 g6 5. Nf3 Bg7 6. Bc4 d6 7. O-O Nf6 8. d3 O-O 9. Qe1 Bg4 10. e5 dxe5 11. Nxe5 Nxe5 12. fxe5 Qd4+ 13. Kh1 Nh5 14. Nd5 Qxe5 15. Nxe7+ Kh8 16. Qxe5 Bxe5 17. Bh6 Bg7 18. Bxg7+ Kxg7 19. Rae1 Be6 20. Nd5 b5 21.
axb5 axb5 22. Bb3 c4 23. dxc4 bxc4 24. Bxc4 Rac8 25. b3 Bxd5 26. Bxd5 Rxc2 27. Re7 Nf6 28. Bc4 Rb2 29. h3 h5 30. Kh2 Rd2 31. Rf4 Nd5 32. Rd7 Rxg2+ 33. Kxg2 Nxf4+ 34. Kg3 g5 35. h4 Ng6 36.
hxg5 h4+ 37. Kh3 Ne5 38. Rc7 Rh8 39. Bd5 Kg6 40. Re7 Nd3 41. Be4+ Kxg5 42. Bxd3 f6 43.
Rg7+ Kf4 44. Rg4+ Ke3 45. Bc4 f5 46. Rxh4 Rd8 47. Rh7 f4 48. Kg4 f3 49. Re7+ Kf2 50.
Rf7 Rd4+ 51. Rf4 Rd6 52. Rxf3+ Kg2 53. Rf5 Kh2 54. Kf3 Kg1 55. Ke4 Kh2 56. Bd5 Rb6 57.
Kd4 Kg3 58. Kc5 Kh4 59. Kxb6 1-0

[Event "Early-Titled-Tuesday-Blitz-March-12-2024"]
[Site "Chess.com"]
[Date "2024.03.12"]
[Round "8"]
[White "Zhigalko_Sergei"]
[Black "Skatchkov_V"]
[Result "1-0"]
[WhiteElo "2839"]
[BlackElo "2674"]
[TimeControl "180+1"]
[EndTime "9:27:15 PDT"]
[Termination "Zhigalko_Sergei won on time"]

1. e4 e5 2. Nf3 Nf6 3. d4 Nxe4 4. Bd3 Nc6 5. d5 Nf6 6. dxc6 e4 7. cxb7 Bxb7 8.
Be2 exf3 9. Bxf3 Bxf3 10. Qxf3 Bd6 11. O-O O-O 12. Nd2 c6 13. Nc4 Bc7 14. Bg5 d5 15.
Rad1 Re8 16. g3 Rb8 17. b3 Re6 18. Ne3 h6 19. Bf4 Ne4 20. c4 Nc3 21. cxd5 cxd5 22.
Nxd5 Nxd5 23. Rxd5 Qe7 24. Bxc7 Qxc7 25. Rfd1 Rf6 26.
Qe3 Rf8 27. Rd7 Qc2 28. Qxa7 Re8 29. R7d2 Re1+ 30. Rxe1 Qxd2 31. Rf1 h5 32. h4 Qe2 33. Qa4 Ra6 34. Qd4 Rxa2 35. Qd8+ Kh7 36. Qd5 Kg6 37. Qg5+ Kh7 38. Qf5+ Kg8 39. Rc1 Ra8 40. Kg2 1-0

[Event "Early-Titled-Tuesday-Blitz-March-12-2024"]
[Site "Chess.com"]
[Date "2024.03.12"]
[Round "8"]
[White "PolandHussars"]
[Black "IMRosen"]
[Result "1-0"]
[WhiteElo "2553"]
[BlackElo "2690"]
[TimeControl "180+1"]
[EndTime "9:27:15 PDT"]
[Termination "PolandHussars won on time"]

1. e4 e5 2. Nc3 Nf6 3. g3 d5 4. exd5 c6 5. dxc6 Nxc6 6. Bg2 Bg4 7. Nge2 Nd4 8. O-O Bb4 9. f3 Bc5 10. Kh1 h5 11. Nxd4 Bxd4 12. d3 Be6 13. Qe2 h4 14.
gxh4 Rxh4 15. Bg5 Nh5 16. Bxh4 Qxh4 17. Qe1 Qg5 18. Ne2 Be3 19. f4 Nxf4 20. Nxf4 Bxf4 21. Bxb7 Rb8 22. Qe4 Qh4 23. Rxf4 Qxf4 24. Qxf4 exf4 25. Bc6+ Ke7 26. d4 Rxb2 27. d5 Bf5 28. c4 Be4+ 29. Kg1 Rg2+ 30. Kf1 Rxh2 31. d6+ Kxd6 32. Bxe4 f5 33.
Rd1+ Ke5 34. Bf3 g5 35. Rd5+ Kf6 36. Bg2 g4 37. Kg1 Rh8 38. Ra5 f3 39. Bxf3 gxf3 40.
Kf2 Rh7 41. Kxf3 Kg5 42. c5 Rh3+ 43. Kf2 Rc3 44. Ke2 f4 45. Kd2 Rc4 46. Kd3 Rc1 47. Kd2 Rc4 48. Kd3 Rc1 49. Kd2 Rb1 50. c6+ Kg4 51.
c7 Rb2+ 52. Kd3 1-0

[Event "Early-Titled-Tuesday-Blitz-March-12-2024"]
[Site "Chess.com"]
[Date "2024.03.12"]
[Round "8"]
[White "FoxOnTheRun97"]
[Black "theoneandonlydaaevik"]
[Result "0-1"]
[WhiteElo "2605"]
[BlackElo "2527"]
[TimeControl "180+1"]
[EndTime "9:27:15 PDT"]
[Termination "theoneandonlydaaevik won by checkmate"]

1. d4 Nf6 2. Bg5 d5 3. Nd2 e6 4.
e3 Be7 5. Bd3 c5 6. c3 Nc6 7. f4 h6 8. Bxf6 Bxf6 9. Ngf3 Bd7 10. O-O O-O 11. Ne5 Nxe5 12. fxe5 Bg5 13. Qe2 cxd4 14.
exd4 b5 15. Nf3 Rb8 16. Nxg5 Qxg5 17. Rf3 Kh8 18. Raf1 f5 19. exf6 Rxf6 20. Rxf6 gxf6 21. Qf2 Rf8 22. h4 Qg7 23. Qf4 h5 24. a3 f5 25. Rf2 Rg8 26. Be2 Be8 27. Bf3 a5 28.
Re2 Qf6 29. Qc7 a4 30. Qf4 Bf7 31. Re5 Kg7 32. Bxd5 exd5 33. Rxf5 Qe7 34. Rf6 Qxf6 35. Qg3+ Qg6 36. Qe5+ Kh7 37. Qe2 Re8 38. Qf3 Qb1+ 39. Kh2 Qg6 40. Kg1 Re1+ 41. Kh2 Re4 42. Qf2 Be6 43. Qf8 Rxh4+ 44. Kg1 Qb1+ 45. Kf2 Qf5+ 46. Qxf5+ Bxf5 47. Kg3 Rg4+ 48. Kf3 Be4+ 49. Kf2 Rxg2+ 50. Ke3 Rxb2 51. c4 bxc4 52. Kf4 c3 53. Ke3 c2 54. Kf4 c1=Q+ 55. Ke5 Qc7+ 56. Kf6 Rf2+ 57. Kg5 Qg3+ 58. Kxh5 Rh2# 0-1

[Event "Early-Titled-Tuesday-Blitz-March-12-2024"]
[Site "Chess.com"]
[Date "2024.03.12"]
[Round "8"]
[White "Rainbow2014"]
[Black "ViktoriyaTarasova"]
[Result "0-1"]
[WhiteElo "2416"]
[BlackElo "2324"]
[TimeControl "180+1"]
[EndTime "9:27:16 PDT"]
[Termination "ViktoriyaTarasova won on time"]

1. e4 e5 2. Nf3 Nc6 3. Bb5 Nf6 4. d3 Bc5 5. O-O d6 6. c3 O-O 7. d4 Bb6 8. Bg5 h6 9. Bh4 Bg4 10. d5 Nb8 11. Nbd2 a6 12. Be2 Bxf3 13. Bxf3 Nbd7 14. h3 Qe7 15. b4 g5 16. Bg3 Kh7 17. Nc4 Ba7 18. Na5 Rab8 19. Rc1 h5 20. Bxh5 Nxe4 21. Kh2 f5 22. f3 Nxg3 23. Kxg3 Nf6 24. f4 Ne4+ 25. Kh2 gxf4 26. Bf3 Ng3 27. Re1 e4 28. c4 Bf2 29. Qd2 Bxe1 30. Rxe1 Qg5 31. Bd1 Rg8 32. Nb3 e3 33. Qc2 Rbe8 34. Bf3 Ne4 35.
Re2 Qg3+ 36. Kg1 Qxf3 37. Nd4 Qh5 38. Nf3 Ng3 39. Re1 Qf7 40. Nd4 Qf6 41. Qd3 Re4 42. Ne6 Rxe6 43. dxe6 Qxe6 44. Qd4 Qe5 45. Qd3 Qe4 46.
Qc3 Nh5 47. Qb2 f3 48. g4 fxg4 49. h4 g3 50. Rf1 f2+ 0-1

[Event "Early-Titled-Tuesday-Blitz-March-12-2024"]
[Site "Chess.com"]
[Date "2024.03.12"]
[Round "8"]
[White "MightyMike_009"]
[Black "VladimirKramnik"]
[Result "1/2-1/2"]
[WhiteElo "2871"]
[BlackElo "2987"]
[TimeControl "180+1"]
[EndTime "9:27:17 PDT"]
[Termination "Game drawn by repetition"]

1. d4 Nf6 2. c4 e6 3. Nc3 d5 4. cxd5 exd5 5. Bg5 c6 6. e3 h6 7. Bh4 Be7 8. Bd3 O-O 9. Nge2 Ne8 10. Bg3 Nd6 11.
Qc2 a5 12. O-O Re8 13. f3 Na6 14. a3 b5 15. e4 Nc4 16. Bf2 Nc7 17. e5 Rb8 18. f4 b4 19. axb4 axb4 20. Nd1 b3 21.
Qc1 Ba6 22. Ne3 Nxe3 23. Qxe3 Bc4 24. Rfc1 Ra8 25. Rxa8 Qxa8 26. Bxc4 dxc4 27. Rxc4 Rb8 28. Qc1 Nd5 29. Be1 Qa6 30. Ng3 Rc8 31. Ne4 Qb5 32.
f5 Ne3 33. Qxe3 Qxc4 34. f6 Bf8 35. fxg7 Kxg7 36. Qg3+ Kh8 37. Bc3 Qe2 38. Nd6 Bxd6 39. exd6 Qd1+ 40. Kf2 Qc2+ 41. Kg1 Qd1+ 42. Kf2 Qc2+ 43.
Kg1 Rg8 44. d5+ Kh7 45. Qf3 Qc1+ 46. Kf2 Qc2+ 47. Kg1 Qc1+ 48. Kf2 Qc2+ 49. Kg1 1/2-1/2

[Event "Early-Titled-Tuesday-Blitz-March-12-2024"]
[Site "Chess.com"]
[Date "2024.03.12"]
[Round "8"]
[White "tarno17"]
[Black "Gryffindorac8"]
[Result "1/2-1/2"]
[WhiteElo "2213"]
[BlackElo "2380"]
[TimeControl "180+1"]
[EndTime "9:27:17 PDT"]
[Termination "Game drawn by repetition"]

1. e4 c5 2. Nf3 d6 3. Bb5+ Bd7 4. Bxd7+ Qxd7 5. O-O Nc6 6. Re1 e6 7. c3 d5 8. exd5 Qxd5 9. d4 Nf6 10. Be3 cxd4 11. Nxd4 Be7 12. Nd2 O-O 13. N2f3 Rfd8 14. Qb3 Nxd4 15. Nxd4 Qxb3 16. axb3 Nd5 17. b4 Nxe3 18.
fxe3 g6 19. Kf2 Bf6 20. Ke2 a6 21. Red1 Rd7 22. Nb3 Rc7 23. Rd3 Kf8 24. Rad1 Be7 25. Rd7 Rac8 26. g3 Ke8 27. Rxc7 Rxc7 28. Rd3 Rd7 29. Rxd7 Kxd7 30. Kd3 b6 31. Nd4 e5 32. Nf3 f6 33. e4 Kd6 34. Nd2 Kc6 35. b3 Bd6 36. Nc4 Be7 37. Ne3 Bd8 38. Nd5 Kd6 39. c4 Kc6 40. Kc3 Kd6 41. Kd3 f5 42. h3 h5 43. h4 Ke6 44. Ke3 Kd6 45. Kd3 Ke6 46. Ke3 Kd6 47. Kd3 1/2-1/2

[Event "Early-Titled-Tuesday-Blitz-March-12-2024"]
[Site "Chess.com"]
[Date "2024.03.12"]
[Round "8"]
[White "Byniolus"]
[Black "manitodeplomo"]
[Result "1-0"]
[WhiteElo "2829"]
[BlackElo "2725"]
[TimeControl "180+1"]
[EndTime "9:27:19 PDT"]
[Termination "Byniolus won by resignation"]

1. d4 Nf6 2. Nf3 e6 3. Bf4 b6 4. e3 Be7 5. h3 O-O 6. Nbd2 c5 7. c3 Ba6 8. Bxa6 Nxa6 9. O-O Qc8 10. e4 cxd4 11.
cxd4 Qb7 12. Qe2 Rfc8 13. Rac1 Nb4 14. a3 Qa6 15. Qxa6 Nxa6 16. Rfe1 Kf8 17. Kf1 Ke8 18. Ke2 h6 19. Kd3 d6 20. g4 Nc7 21. Rc2 Nb5 22. Rec1 Rxc2 23. Rxc2 Kd7 24. Ne1 Rc8 25. Rxc8 Kxc8 26. Nc2 Nc7 27. f3 Kd7 28. a4 Kc6 29. Nc4 Nd7 30. Nb4+ Kb7 31. Bxd6 Bd8 32. Bg3 Ne8 33.
Nd6+ Nxd6 34. Bxd6 a5 35. Nc2 Kc6 36. Bg3 b5 37. axb5+ Kxb5 38. b3 a4 39. bxa4+ Kxa4 40. Ne3 Kb4 41. Nc4 Bf6 42. Be1+ Kb3 43. Nd6 e5 44. d5 Nc5+ 45. Ke2 Kc2 46. Nxf7 Nb3 47. Bg3 Nd4+ 48. Kf2 Kd3 49. Nxe5+ Bxe5 50. Bxe5 1-0

[Event "Early-Titled-Tuesday-Blitz-March-12-2024"]
[Site "Chess.com"]
[Date "2024.03.12"]
[Round "8"]
[White "Barmen_EV"]
[Black "Sanyura"]
[Result "1-0"]
[WhiteElo "2522"]
[BlackElo "2601"]
[TimeControl "180+1"]
[EndTime "9:27:20 PDT"]
[Termination "Barmen_EV won by resignation"]

1. e4 c5 2. c3 g6 3. d4 cxd4 4. cxd4 d5 5. exd5 Bg7 6. Nc3 Nf6 7. Bb5+ Nbd7 8. Nf3 O-O 9. O-O Nb6 10. h3 Nfxd5 11.
Re1 Be6 12. Ne4 Bd7 13. Bf1 Bc6 14. Bg5 h6 15. Bh4 Rc8 16. Qd2 Nf6 17. Bxf6 exf6 18.
Qf4 f5 19. Nc5 Nd5 20. Qd2 b6 21. Nd3 Nf6 22. Nde5 Bb7 23. Rad1 Ne4 24. Qf4 Rc2 25. Re2 Rxe2 26. Bxe2 Qd6 27. Bc4 Bd5 28. b3 Nc3 29. Re1 b5 30. Bd3 Be4 31. Qe3 Bxd3 32. Qxd3 Rc8 33.
h4 a6 34. h5 Ne4 35. hxg6 fxg6 36. a4 Kh7 37. axb5 axb5 38. Qxb5 Rc2 39. Qe8 Nxf2 40.
Nh4 Bxe5 41. dxe5 Nh3+ 42. Kh1 Nf2+ 43. Kg1 Nh3+ 44. Kh2 Qc6 45. Qf7+ Kh8 46. Nxg6+ Qxg6 47. Qxg6 Nf4 48. Qxh6+ 1-0

[Event "Early-Titled-Tuesday-Blitz-March-12-2024"]
[Site "Chess.com"]
[Date "2024.03.12"]
[Round "8"]
[White "Zohid6"]
[Black "jk13"]
[Result "1-0"]
[WhiteElo "2904"]
[BlackElo "2682"]
[TimeControl "180+1"]
[EndTime "9:27:21 PDT"]
[Termination "Zohid6 won on time"]

1. e4 e5 2. Nf3 Nc6 3. Bb5 a6 4. Ba4 Nf6 5. O-O b5 6. Bb3 Bc5 7. c3 d6 8. d4 Bb6 9. a4 Rb8 10.
Be3 O-O 11. Nbd2 h6 12. h3 Re8 13. Re1 Bb7 14. Qb1 exd4 15. cxd4 Nb4 16. d5 Bxe3 17. Rxe3 c5 18. dxc6 Bxc6 19. axb5 axb5 20. Qe1 Qb6 21. Rc1 Bb7 22. Nf1 Nc6 23. Ng3 Na5 24. Ba2 Rbc8 25. Rxc8 Rxc8 26. Nf5 Re8 27. Nd2 Bc8 28.
g4 Be6 29. Bxe6 fxe6 30. Nh4 Nc6 31. Ndf3 Nd7 32. g5 Nde5 33. gxh6 gxh6 34. Nxe5 Nxe5 35.
Rg3+ Kh7 36. Qd2 Qd8 37. Ng2 Qf6 38. f4 Nc4 39. Qd3 e5 40. b3 Nb6 41. Qxb5 Rb8 42. f5 Rb7 43. Rg6 Qf8 44. Qc6 Qb8 45.
Qc1 Qf8 46. Qc6 Qb8 47. Ne3 Nd7 48. Ng4 Qa7+ 49. Kg2 Qa2+ 50. Kg3 Rxb3+ 51. Kh4 Rxh3+ 52. Kxh3 Qb3+ 53. Kh4 Qf7 54. Qxd7 1-0

[Event "Early-Titled-Tuesday-Blitz-March-12-2024"]
[Site "Chess.com"]
[Date "2024.03.12"]
[Round "8"]
[White "Grandelicious"]
[Black "Anton_Demchenko"]
[Result "1/2-1/2"]
[WhiteElo "2882"]
[BlackElo "3004"]
[TimeControl "180+1"]
[EndTime "9:27:22 PDT"]
[Termination "Game drawn by repetition"]

1. Nf3 Nf6 2. d4 d6 3. Nc3 Bf5 4. Bg5 Nbd7 5. Nh4 Be4 6. Bxf6 Nxf6 7. Nxe4 Nxe4 8. Qd3 d5 9. Qb5+ c6 10. Qxb7 Rc8 11.
Nf3 e6 12. e3 Bd6 13. Bd3 O-O 14. O-O f5 15. c4 Qf6 16. cxd5 cxd5 17. Rac1 Rb8 18. Qxa7 Rxb2 19. Qa6 Qe7 20. Rc8 h6 21. Rxf8+ Qxf8 22. Ne5 Qb8 23. Bxe4 fxe4 24. Nd7 Qc7 25.
Nc5 Qe7 26. Qc8+ Kf7 27. f3 exf3 28. Rxf3+ Kg6 29. Qxe6+ Qxe6 30. Nxe6 Rb1+ 31. Kf2 Rb2+ 32. Kf1 Rb1+ 33. Ke2 Rb2+ 34. Kd3 Rxg2 35. Nf4+ Bxf4 36. Rxf4 Rxa2 37. h4 h5 38. Kc3 Re2 39. Kd3 Re1 40. Kd2 Rg1 41. Ke2 Rg4 42. Kf3 Rg1 43. e4 dxe4+ 44. Rxe4 Rf1+ 45. Kg2 Rd1 46. Kg3 Kf6 47. Rf4+ Ke6 48. Re4+ Kf6 49. Rf4+ Ke6 50. Re4+ Kf6 1/2-1/2

[Event "Early-Titled-Tuesday-Blitz-March-12-2024"]
[Site "Chess.com"]
[Date "2024.03.12"]
[Round "8"]
[White "falzehope0"]
[Black "Winner_7777"]
[Result "0-1"]
[WhiteElo "2434"]
[BlackElo "2577"]
[TimeControl "180+1"]
[EndTime "9:27:22 PDT"]
[Termination "Winner_7777 won by checkmate"]

1. d4 d5 2. e3 Nf6 3. Bd3 c5 4. c3 Nc6 5. f4 g6 6. Nf3 Bf5 7.
O-O Bg7 8. Ne5 O-O 9. Bxf5 gxf5 10. Nd2 e6 11. b3 Rc8 12. Ba3 Nxe5 13. fxe5 Nd7 14.
Qh5 f6 15. Nf3 Qe8 16. Qh4 fxe5 17. dxe5 Nxe5 18. Rac1 Ng4 19. Rfe1 e5 20. c4 e4 21.
Ng5 h6 22. Nh3 Qd8 23. Qg3 d4 24. Rcd1 d3 25. Nf4 Qd6 26. h3 Ne5 27. Bb2 Kh7 28. Kh1 Rg8 29. Nh5 Bh8 30. Qh2 Rcf8 31. Rf1 Nxc4 32. Bxh8 Qxh2+ 33. Kxh2 Nxe3 34. Bc3 Rxg2+ 35. Kh1 Rg5 36. Nf6+ Rxf6 37. Bxf6 Rh5 38. h4 Nxf1 39. Rxf1 e3 40. Kg2 e2 41. Rg1 d2 42. Kf3 Rg5 43. hxg5 e1=Q 44. g6+ Kg8 45. Rg2 d1=Q+ 46. Kf4 Qe4+ 47.
Kg3 Qdg4+ 48. Kh2 Qgxg2# 0-1

[Event "Early-Titled-Tuesday-Blitz-March-12-2024"]
[Site "Chess.com"]
[Date "2024.03.12"]
[Round "8"]
[White "wonderfultime"]
[Black "AlmasRakhmatullaev"]
[Result "1-0"]
[WhiteElo "3071"]
[BlackElo "2847"]
[TimeControl "180+1"]
[EndTime "9:27:24 PDT"]
[Termination "wonderfultime won by resignation"]

1. d4 d5 2. Nf3 c6 3. Bf4 Nf6 4. e3 Bf5 5. c4 a6 6. Qb3 Ra7 7. Nbd2 e6 8. Be2 Nbd7 9. O-O h6 10. h3 Be7 11. Rac1 O-O 12. Rfd1 Re8 13. Bd3 Bf8 14. cxd5 Nxd5 15. Bg3 Bxd3 16. Qxd3 c5 17. a3 b5 18. dxc5 Nxc5 19. Qb1 Qb6 20. Ne4 Nxe4 21. Qxe4 Rd8 22.
Ne5 Raa8 23. Qf3 Qb7 24. Rc2 Rdc8 25. Rdc1 Rxc2 26. Rxc2 f6 27. Ng6 Rc8 28. Rd2 Qf7 29. Nxf8 Qxf8 30. e4 Nb6 31. Rd6 Nc4 32. Rxe6 Nxb2 33.
Rxa6 Nc4 34. Kh2 Qf7 35. Qf5 Re8 36. Qxb5 Rxe4 37. Ra8+ Kh7 38. Qb8 Nd2 39. Qb5 Qe6 40. Qd3 Nc4 41. f3 f5 42. fxe4 fxe4 43. Qd8 e3 44.
Qh8+ Kg6 45. Qe8+ Kf5 46. Qxe6+ Kxe6 47. Bf4 e2 48. Re8+ Kf5 49. Rxe2 Kxf4 50. a4 1-0

[Event "Early-Titled-Tuesday-Blitz-March-12-2024"]
[Site "Chess.com"]
[Date "2024.03.12"]
[Round "8"]
[White "sokidze"]
[Black "andrew-blr"]
[Result "0-1"]
[WhiteElo "2768"]
[BlackElo "2625"]
[TimeControl "180+1"]
[EndTime "9:27:24 PDT"]
[Termination "andrew-blr won by resignation"]

1. d4 d5 2. c4 e6 3. Nc3 c5 4. cxd5 exd5 5. Nf3 Nc6 6. g3 Nf6 7. Bg2 Be7 8. O-O O-O 9. Bg5 c4 10. Ne5 Be6 11. Nxc6 bxc6 12. b3 Qa5 13. Qd2 Bb4 14. Rfc1 Ne4 15. Bxe4 dxe4 16. bxc4 Bxc4 17. Qe3 f6 18. Nxe4 Bd5 19. a3 Bxe4 20. Qxe4 Bc3 21. Rxc3 Qxc3 22. Rc1 Qxa3 23. Be3 Rac8 24. Rxc6 Rxc6 25. Qxc6 Qe7 26. Qc4+ Qf7 27. Qa4 Rd8 28. h4 h6 29. Bf4 Qd7 30. Qa2+ Kh8 31. Be3 Qb7 32.
Qa5 Rd5 33. Qa3 a5 34. Kh2 Qd7 35. Qf8+ Kh7 36. Qa8 a4 37. Qa6 Rd6 38. Qa5 Re6 39.
Kg2 Re8 40. Kg1 Rb8 41. Bf4 Qb5 42. Qc7 Rb7 43. Qc2+ f5 44. e4 Qb1+ 45. Qxb1 Rxb1+ 0-1

[Event "Early-Titled-Tuesday-Blitz-March-12-2024"]
[Site "Chess.com"]
[Date "2024.03.12"]
[Round "8"]
[White "Polish_fighter3000"]
[Black "Rud_Makarian"]
[Result "0-1"]
[WhiteElo "3116"]
[BlackElo "3031"]
[TimeControl "180+1"]
[EndTime "9:27:30 PDT"]
[Termination "Rud_Makarian won on time"]

1. c4 e6 2. Nf3 d5 3. g3 Nf6 4.
Bg2 dxc4 5. Qa4+ c6 6. Qxc4 b5 7. Qc2 Bb7 8. a4 a6 9. O-O Nbd7 10. Nc3 Be7 11. d3 O-O 12. Rd1 Qb6 13. e4 c5 14.
h3 Rac8 15. Be3 Rfd8 16. Qe2 b4 17. Nb1 Nb8 18. Ne5 Nfd7 19. Nc4 Qc7 20. Bf4 e5 21. Be3 Nc6 22. Nbd2 Nf8 23. Nb3 Ne6 24. h4 Ned4 25. Bxd4 Nxd4 26. Nxd4 Rxd4 27. Bh3 Rcd8 28. Rd2 g6 29. Rad1 Bf8 30. Qe3 h5 31. g4 hxg4 32. Bxg4 Kh7 33. h5 Bh6 34. hxg6+ fxg6 35. Qh3 Kg7 36. Rc2 Rh8 37. Qg2 Bf4 38. Bf5 Qf7 39.
Ne3 Rh2 40. Qg4 Rh5 41. Be6 Qf6 42. Nf5+ Kh7 43. Rxc5 Rg5 44. Rc7+ Kh8 45. Nxd4 exd4 46. Kg2 Bxc7 47. Rh1+ Kg7 48. Kf1 Rxg4 49. Bxg4 Bg3 50. f3 Qf4 51. Kg2 Bh4 52. Rxh4 Qd2+ 53. Kg3 Qxd3 0-1

[Event "Early-Titled-Tuesday-Blitz-March-12-2024"]
[Site "Chess.com"]
[Date "2024.03.12"]
[Round "8"]
[White "david_gomez"]
[Black "SuperPower2011"]
[Result "0-1"]
[WhiteElo "2623"]
[BlackElo "2807"]
[TimeControl "180+1"]
[EndTime "9:27:32 PDT"]
[Termination "SuperPower2011 won by resignation"]

1. d4 Nf6 2. c4 e6 3. e3 d5 4. Nf3 Be7 5. Bd3 O-O 6. O-O dxc4 7. Bxc4 c5 8. Qe2 cxd4 9. exd4 b6 10. Rd1 Bb7 11. Nc3 Re8 12. Ne5 Nd5 13. Rd3 Nc6 14. Nxd5 exd5 15. Bb5 Bf6 16. Bf4 Re6 17. Bxc6 Bxc6 18.
Re3 Bb7 19. Re1 Rc8 20. Ng4 Rxe3 21. Qxe3 h5 22. Ne5 Qe8 23. Qf3 h4 24. g3 hxg3 25. hxg3 Qa4 26. Bg5 Bxe5 27. dxe5 Qd7 28. e6 fxe6 29. Qg4 Re8 30. Bf6 Qf7 31. Bd4 Ba6 32. Re5 Bd3 33. Rg5 g6 34. Rh5 Kf8 35. Rh8+ Ke7 36.
Qh4+ Kd6 37. Rh7 Qf3 38. Be3 Be4 39. Qf4+ Qxf4 40. Bxf4+ e5 41. Be3 Re7 42. Rh6 d4 43. Bd2 Kd5 44. Rh8 Rc7 45. Rd8+ Kc4 46. f4 Kd3 47.
Bb4 Rc1+ 48. Kf2 Rc2+ 49. Kg1 Rxb2 50. Bd6 Ke3 51. Bxe5 Rb1+ 0-1

[Event "Early-Titled-Tuesday-Blitz-March-12-2024"]
[Site "Chess.com"]
[Date "2024.03.12"]
[Round "8"]
[White "atbenina64"]
[Black "Vladimir_Zakhartsov"]
[Result "0-1"]
[WhiteElo "2742"]
[BlackElo "2859"]
[TimeControl "180+1"]
[EndTime "9:27:34 PDT"]
[Termination "Vladimir_Zakhartsov won on time"]

1. Nf3 g6 2. c4 Bg7 3. e4 e5 4. d4 exd4 5. Nxd4 Nc6 6. Nxc6 bxc6 7. Nc3 d6 8. Bd3 Nf6 9. O-O O-O 10. Qd2 a5 11. b3 a4 12. bxa4 Nd7 13. Bb2 Nc5 14. Bc2 Be6 15. Bb3 Rb8 16. Qc2 Qc8 17. Ba3 Nd7 18.
Rac1 Qa6 19. Ne2 c5 20. Nf4 Ne5 21. Bb2 Nc6 22. Bxg7 Kxg7 23. Qc3+ Kg8 24. Ne2 Qa5 25. Qe3 Rfe8 26. Nc3 Ne5 27. Nb5 c6 28. Nxd6 Red8 29.
Nf5 Qc7 30. Nh6+ Kg7 31. f4 Rd3 32. Qxc5 Nf3+ 33. Rxf3 Rxf3 34. gxf3 Qxf4 35. Rf1 Kxh6 36. Qxc6 Rd8 37. Qb6 Rd2 38. Rf2 Qg5+ 39. Kf1 Bh3+ 40. Ke1 Rd3 41. f4 Qg4 42. Qf6 Re3+ 43. Kd2 Rxe4 44. Qxf7 Qg1 45. Qf8+ Kh5 46. Qc5+ Bf5 47. Bd1+ Kh6 48. Be2 Re8 49. Qd4 Qb1 0-1

[Event "Early-Titled-Tuesday-Blitz-March-12-2024"]
[Site "Chess.com"]
[Date "2024.03.12"]
[Round "8"]
[White "KetiTsatsalashvili"]
[Black "Bilan_Danila"]
[Result "1-0"]
[WhiteElo "2442"]
[BlackElo "2555"]
[TimeControl "180+1"]
[EndTime "9:27:35 PDT"]
[Termination "KetiTsatsalashvili won by resignation"]

1. d4 d5 2. Nf3 Nf6 3. c4 c6 4.
Nbd2 Bf5 5. e3 e6 6. Nh4 Bg4 7. Qb3 Qc7 8. f3 Bh5 9. g4 Bg6 10. Be2 Nbd7 11. Nf1 Be7 12. Nxg6 hxg6 13. Bd2 a5 14.
Rc1 a4 15. Qc2 O-O 16. h4 e5 17. Kf2 e4 18. f4 Qd8 19. Ng3 Ne8 20. h5 g5 21. h6 g6 22. h7+ Kh8 23. f5 Ndf6 24.
Kg2 Ng7 25. Rh6 Bd6 26. fxg6 Bxg3 27. Kxg3 fxg6 28. Rxg6 Qd6+ 29. Kg2 Qd7 30. Rxg5 Nxh7 31. Rh1 Kg8 32. Rgh5 Nxh5 33. Rxh5 Nf6 34. Rg5+ Kf7 35. cxd5 cxd5 36. Qc5 Rg8 37. Rxg8 Rxg8 38. Kf2 Nxg4+ 39.
Ke1 Nf6 40. Kd1 Rh8 41. Bb4 Rh1+ 42. Kd2 Rh8 43. Bb5 Qe6 44. Qc7+ Kg6 45. Qg3+ Qg4 46. Qe5 Rh2+ 47. Kc3 Qg2 48. Be8+ Nxe8 49. Qxe8+ Kf5 50. Qf7+ Kg4 51. Qf4+ Kh3 52. Qf5+ Kg3 53. Bd6+ Kh4 54.
Qf4+ Kh3 55. Qh6+ Kg4 56. Qxh2 Qf1 57. Qf4+ 1-0

[Event "Early-Titled-Tuesday-Blitz-March-12-2024"]
[Site "Chess.com"]
[Date "2024.03.12"]
[Round "8"]
[White "GeorgiosSouleidis"]
[Black "omeganebulapegasus"]
[Result "1-0"]
[WhiteElo "2679"]
[BlackElo "2800"]
[TimeControl "180+1"]
[EndTime "9:27:37 PDT"]
[Termination "GeorgiosSouleidis won by resignation"]

1. e4 c5 2. Be2 Nc6 3. d3 d5 4. f4 e5 5. exd5 Qxd5 6. Nf3 Nf6 7. Nc3 Qd8 8. fxe5 Ng4 9. Bf4 Be7 10. h3 g5 11. hxg4 gxf4 12. Qd2 Bxg4 13. Qxf4 Be6 14. Ne4 Qb6 15. Nf6+ Bxf6 16. Qxf6 Rg8 17. Rxh7 Qxb2 18.
Rd1 Qb4+ 19. Kf1 Qg4 20. Nh4 Qg3 21. Rb1 Qxe5 22. Qxe5 Nxe5 23. Rxb7 Bd5 24. Rc7 Bc6 25. Nf3 Bxf3 26. Bxf3 Nxf3 27. gxf3 Rb8 28. Rhxf7 Rb1+ 29. Kf2 Rb2 30. Rxa7 Rxc2+ 31. Ke3 Rgg2 32. Rfb7 Rce2+ 33. Kf4 Kf8 34. Rb8+ Re8 35. Rxe8+ Kxe8 36. Rc7 Rxa2 37. Rxc5 Ke7 38. d4 Rd2 39. Re5+ Kf6 40. Re4 Rd1 41. Ke3 Kf5 42. Ke2 Ra1 43. d5 Ra2+ 44. Ke3 Ra1 45. Rd4 Ke5 46. Rd2 Ra3+ 47.
Kf2 Ra6 48. Kg3 Rg6+ 49. Kf2 Rd6 50. Ke3 Rd7 51. d6 Ke6 52. Ke4 Kf6 53. Kd5 Kf7 54.
Kc6 Ke8 55. Re2+ Kd8 56. Ra2 1-0

[Event "Early-Titled-Tuesday-Blitz-March-12-2024"]
[Site "Chess.com"]
[Date "2024.03.12"]
[Round "8"]
[White "Goryachkina"]
[Black "Herman-NY"]
[Result "1/2-1/2"]
[WhiteElo "2674"]
[BlackElo "2542"]
[TimeControl "180+1"]
[EndTime "9:27:37 PDT"]
[Termination "Game drawn - insufficient material"]

1. e4 e5 2. Nf3 Nc6 3. Nc3 Nf6 4. Bb5 Bb4 5. O-O Bxc3 6. bxc3 d6 7. d4 Bd7 8. Ba3 a6 9. Bxc6 Bxc6 10. dxe5 Nxe4 11. exd6 cxd6 12. Nd4 O-O 13. Nxc6 bxc6 14. Qd3 Re8 15. Rad1 Qf6 16. c4 Rad8 17. Bb4 d5 18. Ba5 Rd7 19.
f3 Ng5 20. cxd5 cxd5 21. Rfe1 Rxe1+ 22. Rxe1 Ne6 23. Rb1 g6 24. Bd2 Kg7 25. Be3 d4 26. Bf2 Nf4 27. Qf1 d3 28. cxd3 Nxd3 29. Rd1 Qc3 30. Be3 Rd5 31. h3 a5 32. Kh1 a4 33. Bg1 a3 34. Qe2 Nf4 35. Qf1 Rxd1 36. Qxd1 Qd3 37. Qxd3 Nxd3 38. Bd4+ f6 39. Kg1 Kf7 40. Kf1 Ke6 41. Ke2 Nc1+ 42. Kd2 Nxa2 43. Bc5 Kd5 44. Bxa3 Kc4 45. Kc2 Nc3 46. Bb2 Nd5 47.
Bc1 f5 48. Kd2 Kd4 49. Ke2 Ke5 50. Bb2+ Ke6 51. Kf2 h5 52. Bc1 Kf6 53. g4 hxg4 54.
hxg4 fxg4 55. fxg4 g5 56. Kf3 Kg6 57. Bxg5 Kxg5 58. Ke4 Nf6+ 59. Kd4 Nxg4 1/2-1/2